 Dungeon Crawl Stone Soup version 0.22.1-1-ga44c0e5 (webtiles) character file.

56 dohliylev the Sneak (level 3, 0/25 HPs)
             Began as a Vampire Enchanter on Oct 25, 2018.
             Slain by an adder (3 damage)
             ... on level 2 of the Dungeon.
             The game lasted 00:08:12 (1818 turns).

dohliylev the Sneak (Vampire Enchanter)             Turns: 1818, Time: 00:08:13

Health: 0/25       AC:  7    Str:  7    XL:     3   Next: 71%
Magic:  1/6        EV: 13    Int: 23    God:
Gold:   52         SH:  0    Dex: 14    Spells: 3/6 levels left

rFire    . . .     SeeInvis +   a - +1 dagger
rCold    . . .     Gourm    .   (no shield)
rNeg     . . .     Faith    .   b - +0 robe
rPois    .         Spirit   .   j - +0 helmet
rElec    .         Reflect  .   g - +1 cloak
rCorr    .         Harm     .   f - +0 pair of gloves
MR       .....                  (no boots)
Stlth    +++.......             (no amulet)
HPRegen  0.28/turn              (no ring)
MPRegen  0.10/turn              (no ring)

@: brilliant, lethally poisoned (0 -> -1), regenerating quickly
A: fangs 3, hooves 1, yellow scales 1, see invisible, deformed body, wild magic
1, unbreathing
a: no special abilities


You were on level 2 of the Dungeon.
You were full.

You visited 1 branch of the dungeon, and saw 2 of its levels.

You collected 52 gold pieces.

Inventory:

Hand Weapons
 a - a +1 dagger (weapon)
Armour
 b - a +0 robe (worn)
 f - a +0 pair of gloves (worn)
 g - a +1 cloak (worn)
 j - a +0 helmet (worn)
Scrolls
 e - a scroll of remove curse {unknown}
 h - a scroll of noise {unknown}
 i - a scroll of teleportation {unknown}
 l - a scroll of identify {unknown}
Potions
 d - 8 potions of blood


   Skills:
 - Level 0.3 Fighting
 - Level 2.0 Short Blades
 - Level 2.4 Dodging
 + Level 5.7 Stealth
 - Level 2.1 Spellcasting
 - Level 4.9 Hexes


You had 3 spell levels left.
You knew the following spells:

 Your Spells              Type           Power        Failure   Level  Hunger
a - Corona                Hex            ######.      1%          1    #......
b - Ensorcelled Hibernat  Hex/Ice        #####.       1%          2    ##.....

Your spell library contained the following spells:

 Spells                   Type           Power        Failure   Level  Hunger
 Confuse                  Hex            ######..     1%          3    ###....
 Tukima's Dance           Hex            ######..     1%          3    ###....
 Dazzling Spray           Conj/Hex       #####.       2%          3    ###....


Dungeon Overview and Level Annotations

Branches:
Dungeon (2/15)

Altars:


Innate Abilities, Weirdness & Mutations

Your natural rate of healing is unusually fast.
You have razor-sharp teeth.
You have supernaturally acute eyesight. (SInv)
You can survive without breathing.
You have large cloven feet.
You are partially covered in yellow scales. (AC +2)
Armour fits poorly on your strangely shaped body.
Your spells are a little harder to cast, but a little more powerful.


Message History

You feel sick.
You feel sick. The adder bites you.
* * * LOW HITPOINT WARNING * * *
It was a potion of mutation.
You feel extremely strange.
Your body twists and deforms.
You feel less in control of your magic.
Your feet thicken and deform.
Yellow scales grow over part of your body.
You feel sick. The adder barely misses you.
Unknown command.
Autopickup is now off.
Autopickup is now on.
Unknown command.
Unknown command.
It was a potion of brilliance.
You feel clever all of a sudden. The adder misses you. The adder bites you.
* * * LOW HITPOINT WARNING * * *
You feel sick.
Yummy - fresh blood!
The adder bites you.
You die...

################
...............####
. #..........##....#
..#.##...###.......#
...#....# ####....#
#.....######.#.##
...###....@S.....#.#
.........#########.#
######.## #.# #.#
#.# ##'## #..
##...## ## ##
##..)..## ##.#
##.......#
.#...####.........#


You could see an adder.

Vanquished Creatures
  An adder (D:2)
  An adder zombie (D:1)
  2 dart slugs (D:1)
  7 bats
  5 giant cockroaches (D:1)
  3 goblins
  3 hobgoblins
  2 jackals (D:1)
  4 frilled lizards (D:1)
  A giant cockroach zombie (D:1)
  3 kobolds (D:1)
  8 rats (D:1)
40 creatures vanquished.

Notes
Turn   | Place    | Note
-------+----------+-------------------------------------------
     0 | D:1      | dohliylev the Vampire Enchanter began the quest for the
                  | Orb.
     0 | D:1      | Reached XP level 1. HP: 13/13 MP: 3/3
   279 | D:1      | Reached XP level 2. HP: 10/19 MP: 5/5
   890 | D:1      | Reached XP level 3. HP: 25/25 MP: 6/6
   996 | D:1      | Learned a level 2 spell: Ensorcelled Hibernation
  1057 | D:1      | Reached skill level 5 in Stealth
  1814 | D:2      | Gained mutation: Armour fits poorly on your strangely
                  | shaped body. [potion of mutation]
  1814 | D:2      | Gained mutation: Your spells are a little harder to cast,
                  | but a little more powerful. [potion of mutation]
  1814 | D:2      | Gained mutation: You have large cloven feet. [potion of
                  | mutation]
  1814 | D:2      | Gained mutation: You are partially covered in yellow
                  | scales. (AC +2) [potion of mutation]
  1818 | D:2      | Slain by an adder

Skill      XL: |  1  2  3 |
---------------+----------+-----
Short Blades   | 2 |  2.0
Stealth        | 5 |  5.7
Fighting       | |  0.3
Dodging        | |  2.4
Spellcasting   | |  2.1
Hexes          | |  4.9

Action                   || total
-------------------------++-------
Melee: Dagger            ||   159
       Bite              ||    14
 Cast: Ensorcelled Hiber ||    11
 Abil: End Transformatio ||     1
       Bat Form          ||     1
  Use: Potion            ||     3
 Stab: Sleeping          ||    13
  Eat: Corpse            ||     9
Armor: Robe              ||    51
Dodge: Dodged            ||   109
